 Dungeon Sprint DCSS version 0.17-a0-2115-g0d8b93e (webtiles) character file.

138 Ordine the Destroyer (level 5, -2/31 HPs)
             Began as an Octopode Air Elementalist on Oct 20, 2015.
             Was an Initiate of Vehumet.
             Slain by a hippogriff (5 damage)
             ... in the Dungeon (Sprint IX: "|||||||||||||||||||||||||||||").
             The game lasted 00:06:32 (346 turns).

Ordine the Destroyer (Octopode Air Elementalist)     Turns: 346, Time: 00:06:32

Health: -2/31      AC:  3    Str:  7    XL:     5   Next: 21%
Magic:  4/8        EV: 12    Int: 18    God:    Vehumet [......]
Gold:   0          SH:  0    Dex: 16    Spells: 2 memorised, 4 levels left

rFire  . . .     SeeInvis .     l - staff of energy
rCold  . . .     Clarity  .     (no shield)
rNeg   . . .     SustAt   .     (helmet restricted)
rPois  .         Gourm    .     (no amulet)
rElec  .         Spirit   .     n - +2 ring of protection
rCorr  .         Warding  .     m - +3 ring of dexterity
rMut   .         NoTele   +     (no ring)
MR     .....                    (no ring)
Stlth  +++.......               (no ring)
                                (no ring)
                                (no ring)
                                (no ring)

@: very slightly contaminated, invisible, not resistant to hostile enchantments,
fairly stealthy
A: almost no armour, amphibious, 8 rings, constrict 8, camouflage 1, gelatinous
body 1
a: Renounce Religion


You were in the Dungeon.
You worshipped Vehumet.
Vehumet was noncommittal.
You were not hungry.

You visited 1 branch

Inventory:

Magical Staves
 l - an uncursed staff of energy (weapon)
Jewellery
 m - a +3 ring of dexterity (right tentacle)
 n - a +2 ring of protection (left tentacle)
Wands
 k - a wand of fire (7)
Scrolls
 h - 2 scrolls of blinking
 i - 3 scrolls of remove curse
 j - 2 scrolls of amnesia
Potions
 c - 5 potions of curing
 e - a potion of haste
 f - 2 potions of magic
 g - 2 potions of heal wounds
Books
 a - a book of Air

   Spells                             Type                      Level
   a - Shock                          Conjuration/Air              1
   b - Swiftness                      Charms/Air                   2
   c - Repel Missiles                 Charms/Air                   2
   d - Static Discharge               Conjuration/Air              3
   e - Lightning Bolt                 Conjuration/Air              5
Comestibles
 b - a bread ration


   Skills:
 - Level 2.0 Dodging
 - Level 2.6 Stealth
 - Level 2.0 Spellcasting
 - Level 10.0 Conjurations
 + Level 3.0 Air Magic


You had 4 spell levels left.
You knew the following spells:

 Your Spells              Type           Power        Failure   Level  Hunger
a - Shock                 Conj/Air       ####         1%          1    None
b - Static Discharge      Conj/Air       ####....     3%          3    None


Dungeon Overview and Level Annotations

Branches:
Dungeon (1/1)

Altars:
Cheibriados
Dithmenos
Elyvilon
Fedhas
Gozag
Kikubaaqudgha
Makhleb
Nemelex Xobeh
Okawaru
Qazlal
Ru
Sif Muna
Trog
Vehumet
Xom
Yredelemnul
Zin
The Shining One
Beogh
Jiyva
Lugonu


Innate Abilities, Weirdness & Mutations

You cannot wear most types of armour.
You are amphibious.
You can wear up to eight rings at the same time.
You can use your tentacles to constrict eight enemies at once.
Your skin changes colour to match your surroundings (Stealth).
Your rubbery body absorbs attacks (AC +1).


Message History

The zap misses the orc warrior.
The zap hits the adder.
The adder is moderately wounded.
The hippogriff misses you. The hippogriff pecks you.
* * * LOW HITPOINT WARNING * * *
The hippogriff closely misses you.
Unknown command.
Unknown command.
Casting: Shock
Confirm with . or Enter, or press ? or * to list all spells.
The hippogriff is struck by lightning.
The hippogriff is almost dead.
The lightning arcs!
The ogre is struck by lightning.
The ogre is heavily wounded.
The lightning arcs!
The orc warrior is struck by lightning.
The orc warrior is heavily wounded.
The lightning grounds out.
The hippogriff completely misses you. The hippogriff pecks you.
* * * LOW HITPOINT WARNING * * *
The hippogriff claws you.
You die... ▓▓▓▓▓▓▓▓▓▓▓▓▓▓▓▓▓▓▓▓▓▓▓▓▓▓▓▓ __________'...)[@HOoS..H...+ ▓▓▓▓▓▓▓▓▓▓▓▓▓▓▓▓▓▓▓▓▓▓▓▓▓▓▓▓

You could see 2 hippogriffs, an orc warrior, an ogre and an adder (wandering).

Vanquished Creatures
  A scorpion (D)
  2 hounds (D)
  An adder (D)
  A shadow imp (D)
  A giant gecko (D)
  A bat skeleton (D)
  A giant cockroach (D)
  A goblin (D)
  A bat (D)
  A giant newt (D)
11 creatures vanquished.

Notes
Turn   | Place    | Note
--------------------------------------------------------------
     0 | D        | Ordine the Octopode Air Elementalist began the quest for the Orb.
     0 | D        | Reached XP level 1. HP: 11/11 MP: 3/3
    71 | D        | Noticed a hound
    71 | D        | Noticed a hound
    71 | D        | Noticed a scorpion
    73 | D        | Reached XP level 2. HP: 15/17 MP: 1/5
    74 | D        | Reached skill level 5 in Conjurations
    78 | D        | Killed a hound
    78 | D        | Reached skill level 6 in Conjurations
    78 | D        | Reached XP level 3. HP: 13/21 MP: 3/6
    83 | D        | Killed a hound
    83 | D        | Reached skill level 8 in Conjurations
    83 | D        | Reached XP level 4. HP: 16/27 MP: 0/7
    86 | D        | Killed a scorpion
    86 | D        | Reached skill level 9 in Conjurations
    86 | D        | Reached XP level 5. HP: 19/31 MP: 1/8
   258 | D        | Learned a level 3 spell: Static Discharge
   260 | D        | Found a glowing silver altar of Zin.
   260 | D        | Found a glowing golden altar of the Shining One.
   260 | D        | Found an ancient bone altar of Kikubaaqudgha.
   260 | D        | Found a basalt altar of Yredelemnul.
   260 | D        | Found a shimmering altar of Xom.
   260 | D        | Found a radiant altar of Vehumet.
   261 | D        | Found an iron altar of Okawaru.
   262 | D        | Found a burning altar of Makhleb.
   263 | D        | Found a deep blue altar of Sif Muna.
   264 | D        | Found a bloodstained altar of Trog.
   265 | D        | Found a sparkling altar of Nemelex Xobeh.
   266 | D        | Found a white marble altar of Elyvilon.
   267 | D        | Found a roughly hewn altar of Beogh.
   268 | D        | Found a viscous altar of Jiyva.
   269 | D        | Found a corrupted altar of Lugonu.
   270 | D        | Found a blossoming altar of Fedhas.
   271 | D        | Found a snail-covered altar of Cheibriados.
   272 | D        | Found a shadowy altar of Dithmenos.
   273 | D        | Found a stormy altar of Qazlal.
   286 | D        | Found an opulent altar of Gozag.
   287 | D        | Found a sacrificial altar of Ru.
   298 | D        | Became a worshipper of Vehumet
   334 | D        | Noticed a hippogriff
   334 | D        | Noticed an ogre
   334 | D        | Noticed an orc warrior
   334 | D        | Noticed a hippogriff
   337 | D        | Reached skill level 10 in Conjurations
   346 | D        | Slain by a hippogriff

Vault maps used:
D:        linesprint

Action                   |  1- 3 |  4- 6 || total
-------------------------+-------+-------++-------
Melee: Unarmed           |     2 |     2 ||     4
 Cast: Shock             |    11 |     2 ||    13
       Static Discharge  |       |     3 ||     3
  Use: Potion            |     3 |     2 ||     5
